 Dungeon Crawl Stone Soup version 0.30-a0-778-g2ef04afb54 (webtiles) character file.

Game seed: 1402386380005947213

532 Pimp the Covered (level 7, -2/50 (53) HPs)
             Began as a Demonspawn Fighter on Feb 16, 2023.
             Was an Initiate of Okawaru.
             Slain by a gnoll
             ... wielding a +0 whip
              (3 damage)
             ... on level 7 of the Dungeon.
             The game lasted 00:09:13 (3619 turns).

Pimp the Covered (Demonspawn Fighter)               Turns: 3619, Time: 00:09:14

HP:   -2/50 (53)    AC:  7    Str: 15 (18) XL:     7   Next: 3%
MP:   7/7           EV:  9    Int:  8 (9)  God:    Okawaru [......]
Gold: 184           SH:  8    Dex: 11 (13) Spells: 6/6 levels left

rFire   + + .      SeeInvis .    a - +1 long sword
rCold   + . .      Faith    .    c - +0 buckler
rNeg    . . .      Spirit   .    b - +0 scale mail
rPois   .          Reflect  .    (no helmet)
rElec   .          Harm     .    (no cloak)
rCorr   .          Rampage  .    (no gloves)
Will    .....                    (no boots) Stlth
                                 (no amulet)
HPRegen 0.28/turn                m - ring of protection from cold
MPRegen 0.10/turn                l - +4 ring of slaying

@: hasted, drained, very quick
A: hooves 1, large bone plates 1, foul stench 1, fire resistance 2
a: Renounce Religion


You were on level 7 of the Dungeon.
You worshipped Okawaru.
Okawaru was noncommittal.
You visited 1 branch of the dungeon, and saw 6 of its levels.

You collected 184 gold pieces.

Inventory:

Hand Weapons
 a - a +1 long sword (weapon)
 g - a +1 antimagic halberd
Missiles
 i - 8 poisoned darts (quivered)
 o - 2 boomerangs
 q - 2 atropa-tipped darts
Armour
 b - a +0 scale mail (worn)
 c - a +0 buckler (worn)
 s - a +0 pair of boots
Jewellery
 e - a ring of resist corrosion
 j - a ring of fire
 l - a +4 ring of slaying (right hand)
 m - a ring of protection from cold (left hand)
Wands
 n - a wand of flame (17)
Scrolls
 h - 2 scrolls of identify
Potions
 d - 2 potions of might
 p - a potion of degeneration
 r - a potion of heal wounds {unknown}
 t - a potion of curing
 u - a potion of invisibility {unknown}


   Skills:
 + Level 3.7 Fighting
 + Level 4.2 Long Blades
 + Level 0.5 Throwing
 + Level 4.6 Armour
 + Level 1.3 Dodging
 + Level 0.5 Stealth
 + Level 3.7 Shields


You had 6 spell levels left.
You didn't know any spells.
Your spell library contained the following spells:

 Spells                   Type           Power      Damage    Failure   Level
 Blink                    Tloc           0%         N/A       97%         2
 Cigotuvi's Dreadful Rot  Necr/Pois/Air  0%         N/A       97%         2
 Lesser Beckoning         Tloc           0%         N/A       97%         2
 Gell's Gravitas          Tloc           0%         N/A       99%         3
 Teleport Other           Tloc           0%         N/A       99%         3
 Manifold Assault         Tloc           0%         N/A       100%        4
 Storm Form               Tmut/Air       0%         N/A       100%        7
 Summon Mana Viper        Hex/Summ       Unusable   N/A       N/A         5

Dungeon Overview and Level Annotations

Branches:
Dungeon (5/15)
 Temple: D:4-7

Altars:
Dithmenos
Hepliaklqana
Okawaru

Annotations:
D:7 Dowan, Duvessa


Innate Abilities, Weirdness & Mutations

You have large cloven feet.
You are partially covered in large bone plates. (SH +4)
You may rarely emit foul miasma when damaged in melee.
Your flesh is very heat resistant. (rF++)


Message History

The gnoll hits you from afar with a +0 halberd!
You closely miss the gnoll.
You hear some strange, mumbled words.
A magic dart appears from out of thin air!
The magic dart hits you. The gnoll barely misses you.
You block the gnoll's attack. The gnoll barely misses you.
You block the gnoll's attack. The gnoll barely misses you.
The gnoll hits you from afar with a +0 halberd!
You hear some strange, mumbled words.
A magic dart appears from out of thin air!
The magic dart hits you.
You hit the gnoll. You kick the gnoll.
The gnoll is moderately wounded.
Okawaru accepts your kill.
Reactivating autopickup.
You feel a bit more experienced. The gnoll hits you but does no damage.
The gnoll throws a throwing net.
You block the throwing net.
The gnoll hits you from afar with a +0 halberd.
* * * LOW HITPOINT WARNING * * *
You have reached level 7!
You feel better.
Dowan mumbles some strange words.
Dowan blinks!
The gnoll hits you with a +0 whip.
The gnoll hits you from afar with a +0 halberd.
* * * LOW HITPOINT WARNING * * *
You block the gnoll's attack.
You feel yourself speed up. The gnoll hits you with a +0 whip.
* * * LOW HITPOINT WARNING * * *
The gnoll hits you but does no damage.
The gnoll hits you from afar with a +0 halberd!
* * * LOW HITPOINT WARNING * * *
Duvessa hits you but does no damage.
It was a potion of degeneration.
There was something very wrong with that liquid.
You feel weakened.
You feel dopey.
You feel clumsy. Duvessa says, "Did you see that move?
Perfect!"
Duvessa hits you with a +0 short sword.
* * * LOW HITPOINT WARNING * * *
The gnoll hits you with a +0 whip.
You die...

# ..
######.#
#......
#)gg# . #@)#
.#
#e#######g#
#og#......#
#g.ยง#.....#
#.....
#......$..#
#.._$$+
###..#.####
#...$.#
#....#
#$.$.$#
######)#
#####
#.e....#


You could see Duvessa (fast), 4 gnolls and an orc.

Vanquished Creatures
  A black bear (D:3)
  A phantom (D:4)
  An orc priest (D:3)
  3 hounds (D:4)
  A jelly (D:4)
  Natasha (twice) (D:2)
  An orc wizard (D:7)
  3 adders
  5 gnolls
  A worm (D:2)
  2 dart slugs (D:4)
  9 orcs
  8 goblins
  6 hobgoblins
  8 jackals
  A quokka (D:1)
  A ball python (D:1)
  5 bats
  2 frilled lizards
  5 kobolds
  6 rats
72 creatures vanquished.

Vanquished Creatures (others)
  2 minotaurs (D:1)
  2 draconians (D:1)
  An elf (D:1)
  2 dwarves (D:1)
  An ogre (D:1)
  A felid (D:1)
  A mummy (D:1)
  An orc (D:1)
  A kobold (D:1)
  15 tentacles (D:1)
27 creatures vanquished.

Grand Total: 99 creatures vanquished

Notes
Turn   | Place    | Note
-------+----------+-------------------------------------------
     0 | D:1      | Pimp the Demonspawn Fighter began the quest for the Orb.
     0 | D:1      | Reached XP level 1. HP: 18/18 MP: 1/1
     0 | D:1      | Noticed a felid
     0 | D:1      | Noticed a draconian
     0 | D:1      | Noticed a minotaur
     0 | D:1      | Noticed a dwarf
     0 | D:1      | Noticed a kraken
     0 | D:1      | Noticed an ogre
     0 | D:1      | Noticed an elf
     0 | D:1      | Noticed a minotaur
     0 | D:1      | Noticed a dwarf
     0 | D:1      | Noticed a draconian
     5 | D:1      | Killed an elf
     7 | D:1      | Killed a minotaur
    10 | D:1      | Killed a felid
    14 | D:1      | Killed an ogre
    16 | D:1      | Killed a dwarf
    18 | D:1      | Killed a dwarf
    18 | D:1      | Killed a draconian
    21 | D:1      | Killed a minotaur
    25 | D:1      | Killed a draconian
   110 | D:1      | Gained mutation: You are partially covered in large bone
                  | plates. (SH +4) [demonic ancestry]
   110 | D:1      | Reached XP level 2. HP: 4/24 MP: 2/2
   322 | D:1      | Gained mutation: You have large cloven feet. [demonic
                  | ancestry]
   322 | D:1      | Reached XP level 3. HP: 16/29 MP: 3/3
  1036 | D:2      | Noticed Natasha
  1052 | D:2      | Killed Natasha
  1083 | D:2      | Noticed Natasha
  1094 | D:2      | Killed Natasha
  1095 | D:2      | Gained mutation: You may rarely emit foul miasma when
                  | damaged in melee. [demonic ancestry]
  1095 | D:2      | Reached XP level 4. HP: 18/35 MP: 4/4
  1694 | D:3      | Got the Textbook on Nocuous Allies
  1853 | D:3      | Found a faded altar of an unknown god.
  2103 | D:3      | Found a shadowy altar of Dithmenos.
  2116 | D:3      | Reached XP level 5. HP: 41/41 MP: 5/5
  2379 | D:3      | Gained mutation: Your flesh is heat resistant. (rF+)
                  | [potion of mutation]
  2379 | D:3      | Gained mutation: Your flesh is very heat resistant. (rF++)
                  | [potion of mutation]
  2723 | D:4      | Reached skill level 1 in Dodging
  2880 | D:4      | Noticed a black bear
  3084 | D:4      | Reached XP level 6. HP: 32/47 MP: 0/6
  3391 | D:4      | Found an iron altar of Okawaru.
  3399 | D:4      | Became a worshipper of Warmaster Okawaru
  3583 | D:5      | Entered Level 5 of the Dungeon
  3588 | D:5      | You fall into a shaft and drop 2 floors!
  3595 | D:7      | Found a hazy altar of Hepliaklqana.
  3595 | D:7      | Noticed Dowan
  3595 | D:7      | Noticed Duvessa
  3617 | D:7      | Reached XP level 7. HP: 10/50 MP: 7/7
  3619 | D:7      | HP: 1/50 [Duvessa/+0 short sword (4)]
  3619 | D:7      | Slain by a gnoll

Illustrated notes

Levels and vault maps discovered:
D:1:      nicolae_arrival_kraken_aquarium_a, layout_basic, minmay_tetromino_s4
D:2:      layout_basic, uniq_natasha
D:3:      kennysheep_big_flooded_room, layout_basic,
          nicolae_dithmenos_through_a_glass_darkly,
          shapermc_ecumenical_altar_flowoftime
D:4:      layout_rooms, kennysheep_okawaru_gauntlet
D:5:      layout_cave_pods, serial_shops, kennysheep_mini_moat,
          dk_noncrumbling_4, minmay_ruined_shrine
D:7:      layout_loops_ring, amcnicky_altar_gilded,
          mainiacjoe_overflow_boulevard, xom_confusion_cloud, serial_shops,
          nicolae_shop_advertising_works [nicolae_subvault_shop_adworks],
          dreamdust_wishing_well, uniq_duvessa, uniq_maggie

Skill      XL: |  1  2  3  4  5  6 |
---------------+-------------------+-----
Armour         | 3 4 |  4.6
Shields        | 3 |  3.7
Long Blades    | 2 3 4 |  4.2
Dodging        | 1 |  1.3
Fighting       | |  3.7
Throwing       | |  0.5
Stealth        | |  0.5

Action                     |  1- 3 |  4- 6 |  7- 9 || total
---------------------------+-------+-------+-------++-------
  Melee: Long sword        |    88 |   100 |       ||   188
         Kick              |    10 |    21 |       ||    31
  Throw: Dart              |       |    17 |       ||    17
    Use: Scroll            |       |     9 |       ||     9
         Potion            |       |     1 |     3 ||     4
 Armour: Scale mail        |    42 |    55 |     2 ||    99
  Dodge: Dodged            |    41 |    61 |       ||   102
  Block: Buckler           |    45 |    61 |     1 ||   107

Table legend: (Time is in decaauts)
 A = Elapsed time spent in this place.
 B = Non-inter-level travel time spent in this place.
 C = Inter-level travel time spent in this place.
 D = Time resting spent in this place.
 E = Time spent auto-exploring this place.
 F = Levels seen in this place.
 G = Mean time per level.
                   A        B        C        D        E       F      G
               +--------+--------+--------+--------+--------+-----+--------+
         Total |   3684 |   3460 |    224 |    343 |   2271 |   6 |  614.0 |
       Dungeon |   3684 |   3460 |    224 |    343 |   2271 |   6 |  614.0 |
               +--------+--------+--------+--------+--------+-----+--------+

Top non-repeatable levels by time:
     D:3: 1030 daAuts
     D:4: 964 daAuts
     D:1: 866 daAuts
     D:2: 786 daAuts
     D:7: 32 daAuts
     D:5: 4 daAuts
